 Dungeon Crawl Stone Soup version 0.31-a0-1074-g0b22e4e0f1 (webtiles) character file.

Game seed: 7791870524603528020

1509 Fodor the Cleaver (level 8, -2/71 HPs)
             Began as a Minotaur Fighter on Dec 1, 2023.
             Shot with an arrow by a centaur (9 damage)
             ... on level 6 of the Dungeon.
             The game lasted 00:22:53 (4454 turns).

Fodor the Cleaver (Minotaur Fighter)                Turns: 4454, Time: 00:22:53

Health: -2/71      AC: 11    Str: 24    XL:     8   Next: 53%
Magic:  7/7        EV:  8    Int:  5    God:
Gold:   431        SH:  4    Dex:  9    Spells: 7/7 levels left

rFire   . . .        h - +4 war axe
rCold   . . .        c - +0 buckler
rNeg    . . .        o - +0 chain mail
rPois   .            (helmet restricted)
rElec   .            m - +0 cloak
rCorr   .            (no gloves)
SInv    .            (no boots)
Will    .....        (no amulet) Stlth
                     (no ring)
HPRegen 0.31/turn    (no ring)
MPRegen 0.10/turn

%: no passive effects
@: no status effects
A: horns 2, retaliatory headbutt
a: no special abilities


You were on level 6 of the Dungeon.
You visited 2 branches of the dungeon, and saw 7 of its levels.

You collected 431 gold pieces.

Inventory:

Hand Weapons
 h - a +4 war axe (weapon)
 t - a +0 shortbow
Missiles
 g - 4 boomerangs
 q - 5 javelins (quivered)
Armour
 c - a +0 buckler (worn)
 m - a +0 cloak (worn)
 o - a +0 chain mail (worn)
Scrolls
 a - a scroll of enchant weapon {unknown}
 b - 2 scrolls of blinking
 e - 2 scrolls of enchant armour {unknown}
 k - 3 scrolls of noise
 n - a scroll of amnesia {unknown}
 p - 3 scrolls of teleportation
 u - a scroll of acquirement {unknown}
Potions
 d - a potion of might
 f - 2 potions of curing {unknown}
 i - 2 potions of magic {unknown}
 j - 2 potions of invisibility {unknown}
 l - a potion of heal wounds {unknown}
 r - 2 potions of ambrosia {unknown}
 s - a potion of mutation {unknown}


   Skills:
 + Level 6.8 Fighting
 + Level 9.3 Axes
 + Level 0.5 Throwing
 + Level 6.6 Armour
 + Level 1.2 Dodging
 + Level 1.1 Stealth
 + Level 4.8 Shields


You had 7 spell levels left.
You didn't know any spells.
Your spell library contained the following spells:

 Spells                   Type           Power      Damage    Failure   Level
 Blink                    Tloc           0%         N/A       99%         2
 Manifold Assault         Tloc           0%         N/A       100%        4


Dungeon Overview and Level Annotations

Branches:
Dungeon (6/15)             Temple (1/1) D:5

Altars:
Ashenzari
Cheibriados
Dithmenos
Fedhas
Hepliaklqana
Kikubaaqudgha
Makhleb
Okawaru
Qazlal
Ru
Sif Muna
Trog
Vehumet
Wu Jian
Xom
Yredelemnul
Zin
The Shining One


Innate Abilities, Weirdness & Mutations

You have a pair of horns on your head.
You reflexively headbutt those who attack you in melee.


Message History

The centaur shoots an arrow.
The arrow completely misses you.
The centaur shoots an arrow.
The arrow barely misses you.
The centaur shouts!
The centaur shoots an arrow.
The arrow hits you.
The centaur wields a +0 orcbow.
The centaur shoots an arrow.
The arrow closely misses you.
The centaur shoots an arrow.
The arrow hits you!
The centaur shoots an arrow.
You block the arrow.
The centaur shoots an arrow.
The arrow hits you!
You hit the centaur. Your headbutt misses the centaur.
The centaur is lightly wounded.
The centaur unwields a +0 orcbow.
The centaur hits you. The centaur barely misses you.
The centaur shoots an arrow.
The arrow closely misses you.
The centaur hits you but does no damage.
The centaur kicks you but does no damage.
You slash the centaur! You headbutt the centaur.
The centaur is severely wounded.
The centaur shoots an arrow.
The arrow hits you but does no damage.
The centaur hits you but does no damage.
The centaur barely misses you.
The centaur shoots an arrow.
You block the arrow.
You slash the centaur!
You kill the centaur!
The centaur shoots an arrow.
The arrow hits you.
The centaur shoots an arrow.
The arrow hits you!
Things that are here:
a +0 orcbow; a centaur corpse The centaur shoots an arrow.
The arrow hits you.
The centaur shoots an arrow.
The arrow barely misses you.
The centaur shoots an arrow.
The arrow hits you!
The centaur shoots an arrow.
The arrow hits you!
* * * LOW HITPOINT WARNING * * *
The centaur shoots an arrow.
The arrow hits you.
* * * LOW HITPOINT WARNING * * *
The centaur shoots an arrow.
The arrow hits you!
* * * LOW HITPOINT WARNING * * *
The centaur shoots an arrow.
The arrow hits you.
* * * LOW HITPOINT WARNING * * *
The centaur shoots an arrow.
The arrow hits you!
You die...

###.###
#.....#
###.....##
#........#
#......#
#..()c.#
###..#.#
##.#.#
#@#.#
#.#.# #
#.#.#
#..###.#c#
#........#
##.###.###
#.# #.#
#.#


You could see a centaur.

Vanquished Creatures
  Prince Ribbit (D:6)
  Edmund (D:6)
  An ogre (D:4)
  2 centaurs (D:6)
  A phantom (D:5)
  2 scorpions
  A howler monkey (D:5)
  3 orc priests
  Crazy Yiuf (D:2)
  3 jellies
  5 hounds
  A sleepcap (D:6)
  Jessica (D:3)
  2 iguanas
  An orc wizard (D:6)
  Natasha (twice) (D:3)
  Robin (D:3)
  4 adders
  4 worms
  4 dart slugs
  24 orcs
  7 bats
  7 endoplasms
  2 giant cockroaches
  14 goblins
  11 hobgoblins
  7 jackals
  9 kobolds
  4 quokkas
  6 ball pythons
  3 frilled lizards
  6 rats
141 creatures vanquished.

Notes
Turn   | Place    | Note
-------+----------+-------------------------------------------
     0 | D:1      | Fodor the Minotaur Fighter began the quest for the Orb.
     0 | D:1      | Reached XP level 1. HP: 19/19 MP: 0/0
   152 | D:1      | Reached XP level 2. HP: 27/27 MP: 1/1
   199 | D:1      | Found a faded altar of an unknown god.
   650 | D:1      | Reached XP level 3. HP: 33/33 MP: 2/2
  1055 | D:2      | Reached skill level 3 in Axes
  1363 | D:2      | Reached XP level 4. HP: 40/40 MP: 3/3
  1440 | D:2      | Found a runed translucent door.
  1441 | D:2      | Noticed Crazy Yiuf
  1448 | D:2      | Killed Crazy Yiuf
  1497 | D:2      | Found a hazy altar of Hepliaklqana.
  1824 | D:3      | Noticed Robin
  1837 | D:3      | Reached skill level 4 in Axes
  1841 | D:3      | Killed Robin
  1842 | D:3      | Reached XP level 5. HP: 44/47 MP: 4/4
  1922 | D:3      | Noticed Natasha
  1924 | D:3      | Killed Natasha
  1938 | D:3      | Noticed Natasha
  1943 | D:3      | Killed Natasha
  1944 | D:3      | Reached skill level 5 in Armour
  1944 | D:3      | Reached skill level 1 in Dodging
  2123 | D:3      | Noticed Jessica
  2128 | D:3      | Killed Jessica
  2387 | D:4      | Reached skill level 5 in Axes
  2390 | D:4      | Reached XP level 6. HP: 39/53 MP: 5/5
  2524 | D:4      | Reached skill level 5 in Fighting
  2580 | D:4      | Reached skill level 6 in Axes
  2788 | D:4      | Reached XP level 7. HP: 45/61 MP: 6/6
  3043 | D:5      | Entered Level 5 of the Dungeon
  3061 | D:5      | Reached skill level 1 in Stealth
  3469 | D:5      | Reached skill level 7 in Axes
  3504 | D:5      | Found a staircase to the Ecumenical Temple.
  3525 | Temple   | Entered the Ecumenical Temple
  4041 | D:6      | Noticed Edmund
  4051 | D:6      | Killed Edmund
  4052 | D:6      | Reached XP level 8. HP: 56/70 MP: 7/7
  4111 | D:6      | Noticed Prince Ribbit
  4129 | D:6      | Killed Prince Ribbit
  4130 | D:6      | Reached skill level 8 in Axes
  4348 | D:6      | Reached skill level 9 in Axes
  4454 | D:6      | Shot with an arrow by a centaur

Illustrated notes

Levels and vault maps discovered:
D:1:      minmay_arrival_glassed_features, layout_loops_corners,
          dreamdust_ecumenical_altar_grove, nicolae_wormholes
D:2:      layout_basic, basic_altar, uniq_crazy_yiuf_cottage
D:3:      cheibrodos_helix_gallery, layout_loops_ring, uniq_robin, uniq_jessica,
          uniq_natasha
D:4:      layout_rooms, minmay_gold_behind_fungi, grunt_ministairs_12,
          minmay_surrounded
D:5:      layout_loops_ring, minmay_temple_entry_grid
D:6:      layout_loops_ring, uniq_duvessa, uniq_edmund, uniq_prince_ribbit1
Temple:   nicolae_temple_bog_church

Skill      XL: |  1  2  3  4  5  6  7  8 |
---------------+-------------------------+-----
Armour         | 4 5 6 |  6.6
Fighting       | 4 5 6 |  6.8
Shields        | 4 |  4.8
Axes           | 3 4 5 6 7 9 |  9.3
Dodging        | 1 |  1.2
Stealth        | 1 |  1.1
Throwing       | |  0.5

Action                     |  1- 3 |  4- 6 |  7- 9 || total
---------------------------+-------+-------+-------++-------
  Melee: War axe           |    85 |    84 |   106 ||   275
         Headbutt          |     8 |     9 |    19 ||    36
  Throw: Javelin           |       |       |     3 ||     3
    Use: Scroll            |       |       |     4 ||     4
 Armour: Scale mail        |    78 |    33 |       ||   111
         Chain mail        |       |    30 |    82 ||   112
  Dodge: Dodged            |    43 |    39 |    43 ||   125
  Block: Buckler           |    16 |    18 |    17 ||    51

Table legend: (Time is in decaauts)
 A = Elapsed time spent in this place.
 B = Non-inter-level travel time spent in this place.
 C = Inter-level travel time spent in this place.
 D = Time resting spent in this place.
 E = Time spent auto-exploring this place.
 F = Levels seen in this place.
 G = Mean time per level.
                   A        B        C        D        E       F      G
               +--------+--------+--------+--------+--------+-----+--------+
         Total |   4552 |   4371 |    181 |    304 |      0 |   7 |  650.3 |
       Dungeon |   4440 |   4259 |    181 |    304 |      0 |   6 |  740.0 |
        Temple |    111 |    111 |      0 |      0 |      0 |   1 |  111.0 |
               +--------+--------+--------+--------+--------+-----+--------+

Top non-repeatable levels by time:
     D:1: 1064 daAuts
     D:5: 904 daAuts
     D:4: 726 daAuts
     D:2: 696 daAuts
     D:3: 628 daAuts
     D:6: 420 daAuts
  Temple: 111 daAuts
